cohdb
Replays
Latest Replays
All Replays
Popular Replays
Top Player Replays
Match Explorer
How It Works
Community
CoH3 Stats
Reddit
Sign in to upload your games and track your stats! →
Sign in with Steam
Match 47326785
Unlisted
Match 47326785
Overview
Messages
Build Orders
End
250 Light Carrier
Panzerpioneer Squad
Selects Italian Infantry
250 Light Carrier
Kradschützen Motorcycle Team
Panzergrenadier Squad
Construct Light Support Kompanie
Combat Half-tracks
Selects Guastatori Squad
Guastatori Squad
Fire Support Elements
Guastatori Squad
Pak 38 Mechanized Group
Ol'Smokey
IronDragon
skyhawkfranky
Cjoffrey
Mowgli01
darkGweni
0
0
Comments
sign in to comment!
No comments posted yet!